Map: Abyssal Reef LE

Players

Strange - Winner!

  • Race: Protoss Protoss
  • Spawn Location: 5:00

Cloudy

  • Race: Protoss Protoss
  • Spawn Location: 11:00

Event: WCS Valencia 2017

VOD

Have the link to the VOD?

Description

Time

  • Played on: July 13, 2017, 10:26 a.m.
  • Length: 14:04

All games in this series

Show
View Real Time Build Order
Export as new Build Order

Strange Protoss - Winner!

Build Orders:  

Get SALT Encoding   

  12  0:00  Probe (Chrono Boost)  
  13  0:11  Probe (Chrono Boost)  
  14  0:17  Pylon  
  14  0:22  Probe (Chrono Boost)  
  15  0:35  Probe (Chrono Boost)  
  16  0:36  Gateway  
  16  0:41  Assimilator  
  16  0:45  Probe (Chrono Boost)  
  17  0:51  Assimilator  
  17  0:56  Probe (Chrono Boost)  
  18  1:07  Probe (Chrono Boost)  
  18  1:08  Gateway  
  19  1:17  Probe (Chrono Boost)  
  20  1:23  Cybernetics Core  
  20  1:28  Probe (Chrono Boost)  
  20  1:32  Pylon  
  21  1:38  Probe (Chrono Boost)  
  22  1:49  Probe (Chrono Boost)  
  23  2:00  Stalker, Mothership Core (Chrono Boost)  
  27  2:02  Stalker  
  29  2:10  Warp Gate (Chrono Boost)  
  29  2:13  Pylon  
  29  2:18  Probe  
  30  2:43  Nexus  
  30  2:46  Probe  
  31  2:53  Stalker  
  33  3:01  Stalker  
  33  3:05  Probe  
  36  3:12  Pylon  
  36  3:17  Probe  
  37  3:25  Sentry  
  39  3:30  Probe  
  39  3:31  Sentry  
  42  3:36  Robotics Facility  
  42  3:42  Probe  
  43  3:54  Probe (Chrono Boost)  
  44  3:55  Probe (Chrono Boost)  
  44  4:00  Twilight Council  
  45  4:05  Probe (Chrono Boost)  
  45  4:07  Probe (Chrono Boost)  
  47  4:14  Forge  
  47  4:16  Probe x2 (Chrono Boost)  
  48  4:23  Observer (Chrono Boost)  
  50  4:26  Probe, Assimilator  
  50  4:27  Probe  
  52  4:33  Pylon, Sentry  
  52  4:36  Probe  
  55  4:39  Probe  
  55  4:40  Pylon  
  55  4:41  Blink (Chrono Boost)  
  56  4:46  Protoss Ground Weapons Level 1 (Chrono Boost)  
  56  4:47  Probe  
  56  4:51  Probe  
  58  4:59  Probe  
  59  5:03  Probe  
  60  5:11  Probe  
  60  5:12  Nexus  
  61  5:16  Sentry  
  61  5:17  Assimilator  
  61  5:18  Probe  
  61  5:19  Observer (Chrono Boost)  
  65  5:23  Probe  
  66  5:30  Probe  
  66  5:32  Gateway  
  66  5:33  Gateway  
  67  5:35  Probe  
  67  5:42  Probe, Immortal (Chrono Boost)  
  73  5:47  Probe  
  74  5:52  Pylon  
  74  5:54  Probe  
  75  6:00  Probe  
  76  6:04  Stalker  
  76  6:10  Probe, Stalker  
  81  6:12  Probe  
  81  6:15  Pylon  
  82  6:20  Immortal (Chrono Boost)  
  82  6:21  Protoss Ground Weapons Level 2  
  82  6:23  Photon Cannon  
  82  6:24  Probe x2  
  88  6:29  Photon Cannon, Probe  
  89  6:36  Probe x2  
  89  6:39  Probe  
  91  6:44  Sentry x2, Stalker  
  98  6:47  Stalker  
  98  6:48  Probe  
  105  6:54  Immortal (Chrono Boost)  
  105  7:08  Gateway  
  105  7:10  Gateway x2  
  105  7:12  Pylon  
  105  7:13  Gateway  
  105  7:16  Pylon  
  105  7:21  Assimilator  
  105  7:24  Resonating Glaives  
  105  7:26  Pylon  
  105  7:28  Warp Prism (Chrono Boost)  
  105  7:29  Pylon  
  107  7:30  Probe  
  107  7:32  Probe x2  
  110  7:39  Stalker x3  
  116  7:47  Gateway  
  116  7:48  Gateway  
  116  7:51  Stalker  
  116  7:54  Pylon  
  116  7:56  Colossus (Chrono Boost)  
  118  7:58  Colossus (Chrono Boost)  
  118  8:06  Stalker x4  
  118  8:10  Colossus (Chrono Boost)  
  118  8:11  Pylon  
  126  8:13  Pylon  
  126  8:19  Protoss Ground Weapons Level 3  
  126  8:26  Pylon  
  126  8:35  Stalker x8  
  134  8:58  Adept x7  
  134  8:59  Adept  
  123  9:17  Adept x4  
  123  9:20  Adept x3  
  123  9:21  Adept x2  
  119  9:33  Adept  
  119  9:37  Adept x4  
  111  9:42  Adept x4  
  111  9:45  Adept  
  79  10:02  Stalker x3  
  79  10:03  Stalker x3  
  91  10:11  Adept x3  
  91  10:13  Adept  
  99  10:22  Assimilator  
  99  10:26  Sentry x4  
  99  10:28  Adept x2  
  111  10:31  Adept x2  
  111  10:34  Stalker  
  111  10:35  Sentry  
  119  10:54  Robotics Bay  
  119  11:02  Robotics Facility, Nexus  
  119  11:09  Stalker x3, Adept  
  119  11:10  Adept x2  
  130  11:17  Zealot x3  
  135  11:23  Adept  
  129  11:35  Zealot x2  
  129  11:36  Zealot x2  
  129  11:37  Adept x2  
  141  11:42  Disruptor  
  141  11:45  Protoss Ground Armor Level 1  
  138  11:50  Disruptor (Chrono Boost)  
  135  12:00  Nexus  
  127  12:03  Probe  
  127  12:04  Probe  
  127  12:05  Pylon  
  127  12:18  Disruptor (Chrono Boost)  
  127  12:19  Templar Archives  
  130  12:26  Disruptor (Chrono Boost)  
  130  12:27  Adept x5  
  130  12:28  Adept x2  
  123  12:55  Stalker x4  
  123  12:56  Stalker x4  
  139  13:03  Warp Prism (Chrono Boost)  
  141  13:09  High Templar x2  
  145  13:13  Observer (Chrono Boost), Archon  
  145  13:17  Photon Cannon  
  146  13:20  Pylon  
  146  13:23  Pylon  
  146  13:31  Adept x3  
  146  13:32  Adept  
  126  13:42  Stalker x2  
Show
View Real Time Build Order
Export as new Build Order

Cloudy Protoss 

Build Orders: Zealot Archon 

Get SALT Encoding   

  12  0:01  Probe (Chrono Boost)  
  13  0:12  Probe (Chrono Boost)  
  14  0:18  Pylon  
  14  0:22  Probe (Chrono Boost)  
  15  0:37  Probe (Chrono Boost), Gateway  
  16  0:44  Assimilator  
  16  0:47  Probe (Chrono Boost)  
  17  0:53  Assimilator  
  17  0:58  Probe (Chrono Boost)  
  18  1:08  Probe (Chrono Boost)  
  18  1:09  Gateway  
  19  1:19  Probe (Chrono Boost)  
  19  1:24  Cybernetics Core  
  20  1:29  Probe (Chrono Boost)  
  20  1:32  Pylon  
  21  1:40  Probe (Chrono Boost)  
  22  1:50  Probe (Chrono Boost)  
  23  2:01  Warp Gate (Chrono Boost), Adept x2  
  23  2:04  Mothership Core  
  29  2:13  Pylon  
  29  2:27  Probe  
  30  2:33  Stalker  
  30  2:34  Stalker  
  34  2:56  Nexus  
  34  3:04  Sentry  
  34  3:05  Probe (Chrono Boost)  
  37  3:14  Robotics Facility  
  37  3:17  Probe (Chrono Boost)  
  38  3:28  Probe (Chrono Boost), Pylon  
  39  3:40  Twilight Council  
  39  3:47  Probe (Chrono Boost)  
  40  3:56  Sentry  
  40  3:57  Probe (Chrono Boost)  
  40  4:00  Warp Prism (Chrono Boost)  
  45  4:07  Probe  
  45  4:08  Probe  
  47  4:19  Probe  
  47  4:20  Probe, Blink (Chrono Boost)  
  49  4:31  Probe  
  49  4:32  Observer  
  49  4:33  Probe  
  52  4:41  Sentry  
  52  4:43  Probe, Pylon  
  52  4:44  Assimilator  
  52  4:45  Probe  
  56  4:46  Forge  
  56  4:51  Immortal  
  56  4:55  Probe  
  61  5:12  Nexus  
  61  5:13  Probe  
  62  5:16  Pylon  
  62  5:17  Probe  
  63  5:25  Probe  
  63  5:28  Assimilator  
  64  5:30  Probe, Immortal  
  69  5:37  Probe, Protoss Ground Weapons Level 1 (Chrono Boost)  
  69  5:42  Probe  
  71  5:49  Probe  
  72  5:52  Pylon  
  72  5:54  Probe  
  72  5:57  Gateway  
  73  5:58  Gateway  
  73  6:01  Probe  
  74  6:06  Probe  
  74  6:09  Immortal  
  74  6:10  Charge (Chrono Boost)  
  75  6:14  Pylon  
  75  6:16  Probe  
  80  6:19  Probe  
  80  6:24  Probe, Pylon  
  81  6:28  Probe  
  81  6:32  Gateway  
  83  6:34  Probe x2  
  83  6:38  Gateway  
  85  6:40  Probe  
  85  6:45  Probe  
  85  6:46  Probe  
  88  6:52  Probe  
  89  6:55  Probe  
  89  6:59  Templar Archives  
  89  7:01  Pylon, Probe  
  90  7:02  Gateway  
  90  7:04  Gateway  
  92  7:10  Immortal, Assimilator  
  92  7:11  Pylon  
  92  7:12  Protoss Ground Weapons Level 2 (Chrono Boost)  
  97  7:15  Assimilator  
  97  7:19  Zealot x2  
  99  7:31  Photon Cannon  
  99  7:34  Pylon  
  99  7:37  Photon Cannon  
  99  7:42  High Templar x2  
  99  7:43  Zealot x2  
  99  7:44  Zealot  
  109  7:47  Gateway, Archon  
  109  7:48  Probe x3  
  109  7:49  Immortal  
  116  8:00  High Templar x2  
  116  8:04  High Templar  
  116  8:05  High Templar  
  124  8:06  Archon  
  124  8:09  Archon  
  124  8:10  Probe x3  
  124  8:11  Zealot x2  
  127  8:17  Photon Cannon  
  127  8:22  High Templar x2  
  127  8:25  Immortal  
  127  8:26  Archon  
  135  8:34  Pylon  
  135  8:41  Pylon  
  135  8:42  Pylon  
  135  8:43  Pylon  
  135  8:44  Pylon  
  135  8:46  Pylon  
  135  8:52  Zealot x6  
  139  8:55  Zealot  
  139  9:01  Zealot  
  143  9:03  Pylon  
  125  9:13  Zealot x7  
  122  9:18  Mothership Core  
  122  9:23  Zealot x2  
  99  9:33  Zealot x3  
  99  9:36  Zealot  
  88  9:41  Zealot  
  76  9:47  Zealot x2  
  76  9:52  Zealot  
  78  9:57  Probe x3  
  75  10:05  High Templar x4  
  75  10:06  High Templar  
  85  10:09  Probe  
  85  10:13  Archon x2  
  85  10:14  High Templar x2  
  88  10:15  High Templar  
  88  10:16  Probe  
  91  10:23  Archon x2  
  91  10:28  High Templar  
  93  10:38  Probe  
  93  10:39  Probe  
  93  10:40  Probe  
  93  10:41  High Templar  
  93  10:42  Zealot x4  
  106  10:46  Archon  
  106  10:56  Zealot x3  
  112  11:07  Nexus  
  112  11:09  Probe  
  112  11:10  Probe x2  
  115  11:17  Zealot x3  
  121  11:23  Stalker  
  111  11:29  Stalker  
  111  11:30  Stalker  
  113  11:36  Stalker  
  113  11:37  Stalker  
  112  11:50  Adept x2  
  108  11:58  Probe x3  
  105  12:10  Probe x2  
  105  12:13  High Templar x4  
  115  12:18  Archon  
  115  12:19  Probe, Archon  
  115  12:21  Probe  
  115  12:22  Probe  
  118  12:29  Adept x4  
  120  12:46  Zealot x5  
  121  12:55  High Templar x2  
  121  12:56  High Templar x2  
  127  13:00  Warp Prism (Chrono Boost)  
  127  13:01  Archon  
  127  13:02  Archon  
  129  13:15  Nexus  
  129  13:19  High Templar x2  
  133  13:24  Archon  
Tags
 
Add a new tag
Caveats
  • Supply blocks, unpowered buildings, or Contaminate may cause inaccurate times.
  • Supply counts are checked every 10 seconds.